Map: [ESL] Inside and Out

Players

goblin - Winner!

  • Race: Protoss Protoss
  • Spawn Location: 7:00

GunGFuBanDa

  • Race: Protoss Protoss
  • Spawn Location: 1:00

Event: DreamHack SC2 Masters 2022 Atlanta (Online)

VOD

Have the link to the VOD?

Description

Time

  • Played on: Oct. 1, 2022, 10:28 a.m.
  • Length: 7:58

All games in this series

Show
View Real Time Build Order
Export as new Build Order

goblin Protoss - Winner!

Build Orders: 1 Gate Expand 

Get SALT Encoding   

  12  0:00  Probe  
  13  0:12  Probe  
  14  0:18  Pylon  
  14  0:24  Probe  
  15  0:36  Probe (Chrono Boost)  
  15  0:37  Gateway  
  16  0:45  Probe (Chrono Boost)  
  16  0:46  Assimilator  
  17  0:50  Probe (Chrono Boost)  
  18  1:03  Probe  
  19  1:15  Probe  
  20  1:23  Nexus  
  20  1:33  Cybernetics Core  
  20  1:35  Probe  
  21  1:41  Assimilator  
  21  1:47  Probe  
  21  1:52  Pylon  
  22  1:59  Probe (Chrono Boost)  
  23  2:08  Adept (Chrono Boost)  
  23  2:11  Warp Gate  
  23  2:12  Probe (Chrono Boost)  
  26  2:18  Probe (Chrono Boost)  
  27  2:27  Probe  
  27  2:28  Robotics Facility  
  28  2:32  Stalker  
  29  2:39  Shield Battery  
  29  2:40  Probe  
  29  2:43  Probe  
  31  2:58  Probe x2  
  33  3:02  Stalker  
  35  3:12  Shield Battery  
  35  3:13  Immortal (Chrono Boost)  
  35  3:14  Probe  
  40  3:25  Gateway  
  40  3:26  Probe  
  39  3:36  Shield Battery  
  39  3:37  Probe  
  40  3:42  Immortal (Chrono Boost)  
  46  4:01  Sentry, Pylon  
  46  4:08  Pylon  
  46  4:16  Immortal (Chrono Boost)  
  46  4:19  Probe x2  
  46  4:22  Sentry  
  54  4:28  Stalker  
  58  4:31  Probe x2  
  58  4:37  Pylon  
  58  4:43  Probe x2  
  58  4:44  Gateway  
  60  4:51  Pylon  
  56  4:55  Probe (Chrono Boost)  
  56  4:56  Probe (Chrono Boost)  
  55  5:07  Probe (Chrono Boost)  
  55  5:08  Probe (Chrono Boost)  
  53  5:15  Warp Prism (Chrono Boost)  
  53  5:19  Sentry  
  56  5:23  Stalker  
  58  5:31  Probe x2  
  60  5:45  Stalker  
  60  5:48  Stalker  
  62  5:57  Probe  
  62  6:02  Probe  
  64  6:10  Stalker  
  64  6:12  Stalker  
  64  6:13  Probe  
  64  6:17  Gateway  
  64  6:18  Probe  
  64  6:21  Gateway  
  64  6:25  Probe  
  62  6:33  Probe  
  62  6:37  Probe  
  62  6:38  Stalker x2  
  68  6:45  Probe  
  69  6:49  Probe  
  69  6:50  Observer (Chrono Boost)  
  71  6:55  Pylon  
  71  6:58  Probe  
  72  7:01  Probe  
  69  7:10  Probe, Stalker x2  
  69  7:13  Probe  
  69  7:15  Zealot, Assimilator  
  77  7:17  Stalker  
  79  7:24  Probe  
  80  7:35  Nexus  
  75  7:39  Stalker x2  
  75  7:40  Stalker  
  65  7:55  Pylon  
Show
View Real Time Build Order
Export as new Build Order

GunGFuBanDa Protoss 

Build Orders: Oracle Opening 

Get SALT Encoding   

  12  0:00  Probe  
  13  0:12  Probe  
  14  0:17  Pylon  
  14  0:24  Probe (Chrono Boost)  
  16  0:36  Probe (Chrono Boost), Gateway  
  16  0:43  Probe (Chrono Boost)  
  16  0:45  Assimilator  
  17  0:50  Probe  
  17  0:54  Assimilator  
  18  1:03  Probe (Chrono Boost)  
  19  1:08  Gateway  
  20  1:12  Probe (Chrono Boost)  
  20  1:17  Probe (Chrono Boost)  
  21  1:25  Cybernetics Core  
  21  1:29  Probe  
  22  1:34  Pylon  
  22  1:41  Probe  
  23  1:53  Probe  
  24  2:01  Stalker x2  
  24  2:02  Warp Gate  
  24  2:05  Probe  
  29  2:12  Shield Battery  
  29  2:19  Pylon  
  28  2:39  Stargate  
  28  2:42  Stalker x2  
  32  2:48  Probe  
  33  3:00  Shield Battery, Probe  
  34  3:21  Oracle (Chrono Boost)  
  38  3:27  Probe  
  38  3:31  Nexus  
  38  3:34  Pylon  
  38  3:46  Probe  
  39  3:49  Oracle (Chrono Boost)  
  42  4:00  Probe  
  41  4:04  Shield Battery  
  41  4:05  Twilight Council  
  41  4:12  Probe  
  41  4:16  Adept x2  
  46  4:24  Probe  
  46  4:27  Pylon  
  47  4:38  Blink (Chrono Boost)  
  47  4:43  Probe  
  47  4:44  Probe  
  49  4:58  Probe (Chrono Boost)  
  49  4:59  Probe (Chrono Boost)  
  52  5:08  Probe (Chrono Boost)  
  52  5:10  Probe (Chrono Boost)  
  52  5:13  Probe (Chrono Boost)  
  49  5:14  Stalker x2  
  49  5:17  Gateway  
  49  5:19  Probe  
  55  5:22  Shield Battery  
  55  5:28  Assimilator  
  55  5:30  Shield Battery  
  55  5:34  Pylon  
  55  5:37  Sentry  
  55  5:38  Stalker  
  55  5:42  Shield Battery  
  59  5:50  Shield Battery  
  54  6:02  Stalker  
  54  6:03  Stalker  
  57  6:10  Probe x2  
  50  6:22  Stalker  
  43  6:29  Stalker  
  43  6:30  Stalker  
  46  6:39  Probe  
  45  6:46  Stalker  
  47  6:55  Pylon  
  45  7:05  Stalker x2  
  43  7:11  Sentry  
  45  7:16  Gateway  
  45  7:36  Stalker x2  
Tags
 
Add a new tag
Caveats
  • Supply blocks, unpowered buildings, or Contaminate may cause inaccurate times.
  • Supply counts are checked every 10 seconds.